Rafales vs Staline
(R2)
Created - May 6, 2018 at 23:07
Goals
|
| Rafales |
0 |
1 |
2 |
3 |
| Staline |
0 |
1 |
0 |
1 |
|
Shots
|
| Rafales |
9 |
16 |
13 |
38 |
| Staline |
16 |
7 |
5 |
28 |
|
1st period
No Goal
Penalties :
Cedric Paquette (Stf) for Holding (Minor) at 4:42, Dylan McIlrath (Stf) for High sticking (Minor) at 7:20, Milan Bartovic (Stf) for Hooking (Minor) at 16:29, Andrey Pedan (StJ) for Slashing (Minor) at 19:19
2nd period
1. Rafales , Carl Klingberg 1 (Jarret Stoll 1, Milan Bartovic 1) at 5:48 (PP)
2. Staline , Nick Spaling 1 (Lars Eller 1, Dustin Kohn 1) at 8:29
Penalties :
Jordan Szwarz (StJ) for Holding (Minor) at 3:54, Viktor Loov (StJ) for Interference (Minor) at 9:23, Lars Eller (StJ) for Hooking (Minor) at 13:57
3rd period
3. Rafales , James Marcou 1 (Chris Terry 1, Kevin Veilleux 1) at 5:13
4. Rafales , Cedric Paquette 1 (Cody McLeod 1) at 19:17 (PP)
Penalties :
Andrey Pedan (StJ) for High sticking (Minor) at 9:17, Kevin Veilleux (Stf) for Roughing (Minor) at 14:19, Nick Spaling (StJ) for Hooking (Minor) at 18:58
Goalie Stats
Philipp Grubauer (Stf), 27 saves from 28 shots - (0.964), W, 1-0-0, 60:00 minutes
Allen York (StJ), 35 saves from 38 shots - (0.921), L, 0-1-0, 60:00 minutes
Players Stats for Rafales
Player Name G A P +/- PIM S H SB GA TA FO MP PP MP PK MP
------------------------------------------------------------------------------------
Brian Ferlin 0 0 0 0 0 0 0 0 0 1 0/0 9:15 0:11 0:00
Carl Klingberg 1 0 1 0 0 2 0 0 1 0 0/0 11:04 0:50 1:30
Cedric Paquette 1 0 1 0 2 2 2 0 0 0 11/34 22:12 5:03 2:50
Chris Terry 0 1 1 1 0 1 1 0 0 0 0/0 6:59 0:03 0:00
Cody McLeod 0 1 1 0 0 6 2 0 1 0 1/2 24:52 5:17 3:52
Connor Murphy 0 0 0 0 0 0 1 1 0 0 0/0 21:55 3:33 3:29
Dylan McIlrath 0 0 0 0 2 1 0 3 0 0 0/0 10:30 0:00 0:00
James Marcou 1 0 1 1 0 3 0 0 0 0 0/0 6:56 0:00 0:00
Jarret Stoll 0 1 1 -1 0 0 2 2 0 0 7/17 14:56 0:33 1:35
Julian Melchiori 0 0 0 0 0 4 0 0 1 1 0/0 21:10 3:33 3:29
Kevin Veilleux 0 1 1 1 2 1 0 0 0 0 4/5 8:15 0:00 1:17
Marc-André Gragnani 0 0 0 0 0 3 3 1 1 0 0/0 27:41 6:36 4:27
Mark Fayne 0 0 0 0 0 1 2 3 0 0 0/0 28:26 6:36 4:27
Michael Bournival 0 0 0 -1 0 1 1 2 0 0 0/1 11:52 3:45 0:00
Milan Bartovic 0 1 1 0 2 8 3 1 1 2 0/0 21:43 5:11 2:04
Nathan Davis 0 0 0 0 0 3 1 0 2 1 4/9 16:32 4:47 2:44
Slater Koekkoek 0 0 0 0 0 0 0 0 0 1 0/0 10:24 0:00 0:00
Tim Crowder 0 0 0 -1 0 2 0 1 0 1 0/0 17:18 4:47 0:00
Players Stats for Staline
Player Name G A P +/- PIM S H SB GA TA FO MP PP MP PK MP
------------------------------------------------------------------------------------
Andrey Pedan 0 0 0 0 4 0 1 0 0 0 0/0 10:08 0:35 1:14
Barclay Goodrow 0 0 0 0 0 1 1 0 0 0 0/0 5:41 0:00 0:00
Brock Nelson 0 0 0 0 0 1 2 1 1 1 2/2 20:02 3:32 6:00
Bryan Bickell 0 0 0 0 0 0 1 0 0 0 0/0 6:46 0:00 0:54
Charles Hudon 0 0 0 0 0 0 0 0 0 0 1/2 2:44 0:00 2:10
Corey Trivino 0 0 0 -1 0 2 1 0 0 0 3/9 10:49 0:00 0:00
Danny Kristo 0 0 0 0 0 1 1 0 0 0 0/0 14:02 3:32 0:00
David Desharnais 0 0 0 0 0 3 2 0 1 0 5/10 17:07 3:32 3:01
David Musil 0 0 0 0 0 1 1 0 0 0 0/0 4:00 0:00 0:00
Dustin Kohn 0 1 1 0 0 3 1 2 1 3 0/0 27:04 3:40 5:39
James Sheppard 0 0 0 -1 0 2 2 0 1 1 0/1 10:49 0:00 0:00
Jiri Sekac 0 0 0 0 0 0 0 0 0 0 0/0 0:44 0:08 0:00
Jordan Caron 0 0 0 1 0 0 4 1 1 0 2/3 18:20 4:16 0:00
Jordan Szwarz 0 0 0 -1 2 3 1 0 0 0 0/0 11:08 0:05 0:00
Lars Eller 0 1 1 1 2 4 3 0 0 1 21/31 20:31 4:16 2:08
Marek Zagrapan 0 0 0 0 0 1 0 0 1 0 1/1 5:41 0:00 0:00
Mike Reilly 0 0 0 0 0 0 0 0 0 0 0/0 8:48 0:35 0:00
Nick Spaling 1 0 1 1 2 4 2 0 0 0 6/8 23:39 4:16 5:20
Nikita Nesterov 0 0 0 0 0 0 0 0 0 0 0/0 4:00 0:00 0:00
Peter Holland 0 0 0 0 0 0 0 0 0 0 0/1 1:32 0:11 0:45
Philip Larsen 0 0 0 0 0 0 0 2 1 0 0/0 20:08 3:41 4:30
Stu Bickel 0 0 0 0 0 1 2 2 0 0 0/0 27:04 3:40 5:39
Viktor Loov 0 0 0 0 2 1 1 0 0 1 0/0 18:58 3:41 3:16
3 Stars
1 - Philipp Grubauer (Stf)
2 - James Marcou (Stf)
3 - Carl Klingberg (Stf)
Power Play
Rafales - 2 on 6 Attempt(s) - 33.33%
Staline - 0 on 4 Attempt(s) - 0.00%
Penalty Kill
Rafales - 4 on 4 Attempt(s) - 100.00%
- Score 0 goal in Penalty Kill
Staline - 4 on 6 Attempt(s) - 66.67%
- Score 0 goal in Penalty Kill
Team Stat
Rafales - Hits : 18 - Faceoff Wins : 27 - Blocked Shots : 14 - Penalty Minutes : 8
Staline - Hits : 26 - Faceoff Wins : 41 - Blocked Shots : 8 - Penalty Minutes : 12
Official
Referees : Hebert Ghislain and Fraser Kerry
Linesman : Lonnie Cameron and Pierre Champoux
Game Notes
Michael Bournival is injured at 2:05 of 3rd period (Right Forearm)
Finance
Level 1 -- Attendance: 1581 (79.05%) -- Ticket Income $63,240
Level 2 -- Attendance: 816 (81.60%) -- Ticket Income $16,320
Total Attendance: 2397 (79.90%)
Total Ticket Income: $79,560
Other Income: $3,978
Total Income: $83,538
Rafales
5 vs 5 Forward
Center Left Wing Right Wing Time % Phy DF OF
1 Cedric Paquette Cody McLeod Milan Bartovic 40 1 1 3
2 Jarret Stoll Michael Bournival Tim Crowder 30 1 1 3
3 Nathan Davis Carl Klingberg Brian Ferlin 20 1 1 3
4 Kevin Veilleux Chris Terry James Marcou 10 1 1 3
5 vs 5 Defense
Defense Defense Time % Phy DF OF
1 Marc-André Gragnani Mark Fayne 40 1 3 1
2 Julian Melchiori Connor Murphy 30 1 3 1
3 Dylan McIlrath Slater Koekkoek 20 1 3 1
4 Mark Fayne Connor Murphy 10 1 3 1
PowerPlay Forward
Center Left Wing Right Wing Time % Phy DF OF
1 Cedric Paquette Cody McLeod Milan Bartovic 60 0 0 5
2 Nathan Davis Michael Bournival Tim Crowder 40 0 0 5
PowerPlay Defense
Defense Defense Time % Phy DF OF
1 Marc-André Gragnani Mark Fayne 60 0 2 3
2 Julian Melchiori Connor Murphy 40 0 2 3
Penalty Kill 4 Players Forward
Center Wing Time % Phy DF OF
1 Cedric Paquette Cody McLeod 60 0 4 1
2 Nathan Davis Milan Bartovic 40 0 4 1
Penalty Kill 4 Players Defense
Defense Defense Time % Phy DF OF
1 Marc-André Gragnani Mark Fayne 60 1 4 0
2 Julian Melchiori Connor Murphy 40 1 4 0
Penalty Kill - 3 Players Forward
Forward Time % Phy DF OF
1 Cedric Paquette 60 0 5 0
2 Cody McLeod 40 0 5 0
Penalty Kill - 3 Players Defense
Defense Defense Time % Phy DF OF
1 Marc-André Gragnani Mark Fayne 60 1 4 0
2 Julian Melchiori Connor Murphy 40 1 4 0
4 vs 4 Forward
Center Wing Time % Phy DF OF
1 Cedric Paquette Cody McLeod 60 1 1 3
2 Nathan Davis Milan Bartovic 40 1 1 3
4 vs 4 Defense
Defense Defense Time % Phy DF OF
1 Marc-André Gragnani Mark Fayne 60 1 3 1
2 Julian Melchiori Connor Murphy 40 1 3 1
Last Minutes Offensive
Center Left Wing Right Wing Defense Defense
Cedric Paquette Cody McLeod Milan Bartovic Connor Murphy Mark Fayne
Last Minutes Defensive
Center Left Wing Right Wing Defense Defense
Cedric Paquette Cody McLeod Milan Bartovic Marc-André Gragnani Mark Fayne
Goaltenders
Starting : Philipp Grubauer
Backup : Leland Irving
Extra Forwards
Normal : Cody McLeod, Cedric Paquette, Milan Bartovic - PP : Cody McLeod, Cedric Paquette - PK : Kevin Veilleux
Extra Defensemen
Normal : Connor Murphy, Mark Fayne, Marc-André Gragnani - PP : Connor Murphy - PK : Marc-André Gragnani, Mark Fayne
Penalty Shots
Cedric Paquette, Cody McLeod, Nathan Davis, Milan Bartovic, James Marcou
Scratches
Ben Sexton (Healthy), Ryan Bourque (Healthy), Ben Johnson (Healthy), Nicklas Jensen (Healthy), Jayson Megna (Healthy)
Brad Ross (Healthy), Mike Zigomanis (Sore Right Knee Injury), Ben Thomson (Healthy), David Broll (Healthy), Stefan Chaput (Healthy)
Dennis Persson (Healthy), Akim Aliu (Healthy), Maksim Mayorov (Healthy), Chris Driedger (Healthy)
Staline
5 vs 5 Forward
Center Left Wing Right Wing Time % Phy DF OF
1 Lars Eller Nick Spaling Jordan Caron 40 1 2 2
2 David Desharnais Brock Nelson Danny Kristo 30 1 2 2
3 Corey Trivino James Sheppard Jordan Szwarz 20 1 2 2
4 Marek Zagrapan Bryan Bickell Barclay Goodrow 10 1 2 2
5 vs 5 Defense
Defense Defense Time % Phy DF OF
1 Stu Bickel Dustin Kohn 40 1 2 2
2 Philip Larsen Viktor Loov 30 1 2 2
3 Mike Reilly Andrey Pedan 20 1 2 2
4 Nikita Nesterov David Musil 10 1 2 2
PowerPlay Forward
Center Left Wing Right Wing Time % Phy DF OF
1 Lars Eller Nick Spaling Jordan Caron 60 1 2 2
2 David Desharnais Brock Nelson Danny Kristo 40 1 2 2
PowerPlay Defense
Defense Defense Time % Phy DF OF
1 Stu Bickel Dustin Kohn 60 1 2 2
2 Philip Larsen Viktor Loov 40 1 2 2
Penalty Kill 4 Players Forward
Center Wing Time % Phy DF OF
1 Nick Spaling Brock Nelson 60 1 2 2
2 Lars Eller David Desharnais 40 1 2 2
Penalty Kill 4 Players Defense
Defense Defense Time % Phy DF OF
1 Stu Bickel Dustin Kohn 60 1 2 2
2 Philip Larsen Viktor Loov 40 1 2 2
Penalty Kill - 3 Players Forward
Forward Time % Phy DF OF
1 Nick Spaling 60 1 2 2
2 Brock Nelson 40 1 2 2
Penalty Kill - 3 Players Defense
Defense Defense Time % Phy DF OF
1 Stu Bickel Dustin Kohn 60 1 2 2
2 Philip Larsen Viktor Loov 40 1 2 2
4 vs 4 Forward
Center Wing Time % Phy DF OF
1 Nick Spaling Brock Nelson 60 1 2 2
2 Lars Eller David Desharnais 40 1 2 2
4 vs 4 Defense
Defense Defense Time % Phy DF OF
1 Stu Bickel Dustin Kohn 60 1 2 2
2 Philip Larsen Viktor Loov 40 1 2 2
Last Minutes Offensive
Center Left Wing Right Wing Defense Defense
Lars Eller Nick Spaling Jordan Caron Stu Bickel Dustin Kohn
Last Minutes Defensive
Center Left Wing Right Wing Defense Defense
Lars Eller Nick Spaling Jordan Caron Stu Bickel Dustin Kohn
Goaltenders
Starting : Allen York
Backup : Darcy Kuemper
Extra Forwards
Normal : Peter Holland, Jiri Sekac, Charles Hudon - PP : Peter Holland, Jiri Sekac - PK : Charles Hudon
Extra Defensemen
Normal : Mike Reilly, Andrey Pedan, Nikita Nesterov - PP : Mike Reilly - PK : Andrey Pedan, Nikita Nesterov
Penalty Shots
Nick Spaling, Brock Nelson, Lars Eller, David Desharnais, Jordan Caron
Scratches
Joni Ortio (Healthy), Sean Maguire (Healthy)
% Time on Ice - Rafales
Lines # - Real PCT - Wanted PCT - Time Play
Normal Forward
1 - 31% - 40% - 12:52
2 - 33% - 30% - 13:45
3 - 20% - 20% - 8:11
4 - 17% - 10% - 6:56
Normal Defense
1 - 40% - 40% - 16:35
2 - 34% - 30% - 14:08
3 - 25% - 20% - 10:16
4 - 2% - 10% - 0:45
PP Forward
1 - 51% - 60% - 5:11
2 - 49% - 40% - 4:58
PP Defense
1 - 65% - 60% - 6:36
2 - 35% - 40% - 3:33
PK Forward
1 - 66% - 60% - 5:12
2 - 34% - 40% - 2:44
PK Defense
1 - 56% - 60% - 4:27
2 - 44% - 40% - 3:29
PK3 Forward
1 - 0% - 60%
2 - 0% - 40%
PK3 Defense
1 - 0% - 60%
2 - 0% - 40%
44 Forward
1 - 0% - 60%
2 - 0% - 40%
44 Defense
1 - 0% - 60%
2 - 0% - 40%
Last Minute Offensive - 0:00
Last Minute Defensive - 0:11
Total
Forward - 60:00
Defense - 60:00
|
% Time on Ice - Staline
Lines # - Real PCT - Wanted PCT - Time Play
Normal Forward
1 - 34% - 40% - 14:16
2 - 26% - 30% - 10:55
3 - 26% - 20% - 10:49
4 - 14% - 10% - 5:41
Normal Defense
1 - 42% - 40% - 17:42
2 - 29% - 30% - 11:57
3 - 20% - 20% - 8:13
4 - 9% - 10% - 3:49
PP Forward
1 - 55% - 60% - 4:24
2 - 45% - 40% - 3:32
PP Defense
1 - 54% - 60% - 4:15
2 - 46% - 40% - 3:41
PK Forward
1 - 70% - 60% - 7:08
2 - 30% - 40% - 3:01
PK Defense
1 - 56% - 60% - 5:39
2 - 44% - 40% - 4:30
PK3 Forward
1 - 0% - 60%
2 - 0% - 40%
PK3 Defense
1 - 0% - 60%
2 - 0% - 40%
44 Forward
1 - 0% - 60%
2 - 0% - 40%
44 Defense
1 - 0% - 60%
2 - 0% - 40%
Last Minute Offensive - 0:14
Last Minute Defensive - 0:00
Total
Forward - 60:00
Defense - 60:00
|
Play by Play
1st period
0:01 of 1st period - Lars Eller wins face-off versus Cedric Paquette in neutral zone.
0:13 of 1st period - Snap shot by Milan Bartovic.
0:13 of 1st period - Stopped by Allen York with a rebound.
0:15 of 1st period - Snap shot by Cedric Paquette.
0:15 of 1st period - Stopped by Allen York with a rebound.
0:48 of 1st period - Wrist shot by Nathan Davis.
0:48 of 1st period - Shot Misses the Net.
1:54 of 1st period - Slapshot by Michael Bournival.
1:54 of 1st period - Shot Misses the Net.
2:04 of 1st period - Carl Klingberg is hit by Corey Trivino and loses puck.
2:42 of 1st period - Marc-André Gragnani is hit by David Musil and loses puck.
2:51 of 1st period - Slapshot by James Marcou.
2:51 of 1st period - Stopped by Allen York with a rebound.
3:22 of 1st period - Off-side.
3:23 of 1st period - Nathan Davis wins face-off versus Corey Trivino in neutral zone.
3:57 of 1st period - Off-side.
3:58 of 1st period - Jarret Stoll wins face-off versus David Desharnais in neutral zone.
4:24 of 1st period - Connor Murphy is hit by Jordan Caron.
4:34 of 1st period - Wrist shot by Jordan Caron.
4:34 of 1st period - Deflect By Nick Spaling.
4:34 of 1st period - Stopped by Philipp Grubauer with a rebound.
4:36 of 1st period - Snap shot by Lars Eller.
4:36 of 1st period - Stopped by Philipp Grubauer with a rebound.
4:42 of 1st period - Minor Penalty to Cedric Paquette for Holding.
4:43 of 1st period - Kevin Veilleux wins face-off versus Lars Eller in Rafales zone.
4:52 of 1st period - Wrist shot by Cody McLeod.
4:52 of 1st period - Shot Blocked by Dustin Kohn.
6:42 of 1st period - Penalty to Cedric Paquette is over, Cedric Paquette is back on ice.
6:43 of 1st period - Slapshot by Jordan Szwarz.
6:43 of 1st period - Shot Misses the Net.
6:45 of 1st period - Snap shot by Andrey Pedan.
6:45 of 1st period - Shot Blocked by Connor Murphy.
7:07 of 1st period - Slapshot by Marek Zagrapan.
7:07 of 1st period - Stopped by Philipp Grubauer with a rebound.
7:11 of 1st period - Snap shot by Marek Zagrapan.
7:11 of 1st period - Shot Misses the Net.
7:13 of 1st period - Slapshot by David Musil.
7:13 of 1st period - Stopped by Philipp Grubauer without a rebound.
7:14 of 1st period - Corey Trivino wins face-off versus Jarret Stoll in Rafales zone.
7:20 of 1st period - Minor Penalty to Dylan McIlrath for High sticking.
7:21 of 1st period - Lars Eller wins face-off versus Cedric Paquette in Rafales zone.
7:52 of 1st period - Off-side.
7:53 of 1st period - Lars Eller wins face-off versus Nathan Davis in neutral zone.
8:00 of 1st period - Wrist shot by Nathan Davis.
8:00 of 1st period - Shot Misses the Net.
8:22 of 1st period - Snap shot by Cedric Paquette.
8:22 of 1st period - Deflect By Cody McLeod.
8:22 of 1st period - Stopped by Allen York without a rebound.
8:23 of 1st period - Lars Eller wins face-off versus Cedric Paquette in Staline zone.
8:46 of 1st period - Nathan Davis is hit by David Desharnais and loses puck.
9:20 of 1st period - Penalty to Dylan McIlrath is over, Dylan McIlrath is back on ice.
9:43 of 1st period - Jordan Szwarz is hit by Cody McLeod and loses puck.
9:56 of 1st period - Marek Zagrapan is hit by Michael Bournival and loses puck.
10:06 of 1st period - Snap shot by Jarret Stoll.
10:06 of 1st period - Shot Misses the Net.
10:08 of 1st period - Slapshot by Marc-André Gragnani.
10:08 of 1st period - Shot Blocked by Philip Larsen.
10:22 of 1st period - Slapshot by David Desharnais.
10:22 of 1st period - Stopped by Philipp Grubauer without a rebound.
10:23 of 1st period - David Desharnais wins face-off versus Nathan Davis in Rafales zone.
10:28 of 1st period - Slapshot by David Desharnais.
10:28 of 1st period - Stopped by Philipp Grubauer with a rebound.
10:34 of 1st period - Wrist shot by Danny Kristo.
10:34 of 1st period - Stopped by Philipp Grubauer without a rebound.
10:35 of 1st period - Jordan Caron wins face-off versus Jarret Stoll in Rafales zone.
10:36 of 1st period - Snap shot by Lars Eller.
10:36 of 1st period - Stopped by Philipp Grubauer with a rebound.
10:38 of 1st period - Slapshot by Dustin Kohn.
10:38 of 1st period - Shot Blocked by Michael Bournival.
10:40 of 1st period - Slapshot by Dustin Kohn.
10:40 of 1st period - Stopped by Philipp Grubauer with a rebound.
10:42 of 1st period - Snap shot by Lars Eller.
10:42 of 1st period - Stopped by Philipp Grubauer with a rebound.
10:44 of 1st period - Snap shot by Nick Spaling.
10:44 of 1st period - Stopped by Philipp Grubauer with a rebound.
10:46 of 1st period - Snap shot by Jordan Caron.
10:46 of 1st period - Shot Misses the Net.
11:05 of 1st period - David Desharnais is hit by Marc-André Gragnani and loses puck.
11:14 of 1st period - Nathan Davis is hit by Brock Nelson and loses puck.
11:37 of 1st period - Snap shot by Cody McLeod.
11:37 of 1st period - Shot Misses the Net.
12:23 of 1st period - Slapshot by Chris Terry.
12:23 of 1st period - Stopped by Allen York with a rebound.
12:25 of 1st period - Backhand shot by James Marcou.
12:25 of 1st period - Stopped by Allen York without a rebound.
12:26 of 1st period - Lars Eller wins face-off versus Cedric Paquette in Staline zone.
12:51 of 1st period - Snap shot by Brock Nelson.
12:51 of 1st period - Shot Misses the Net.
12:57 of 1st period - David Desharnais is hit by Jarret Stoll and loses puck.
13:12 of 1st period - Julian Melchiori is hit by Andrey Pedan and loses puck.
13:17 of 1st period - Snap shot by Jordan Szwarz.
13:17 of 1st period - Stopped by Philipp Grubauer with a rebound.
13:19 of 1st period - Wrist shot by James Sheppard.
13:19 of 1st period - Stopped by Philipp Grubauer without a rebound.
13:20 of 1st period - Lars Eller wins face-off versus Cedric Paquette in Rafales zone.
13:28 of 1st period - Slapshot by Lars Eller.
13:28 of 1st period - Stopped by Philipp Grubauer with a rebound.
14:10 of 1st period - Wrist shot by Nathan Davis.
14:10 of 1st period - Stopped by Allen York without a rebound.
14:11 of 1st period - Cedric Paquette wins face-off versus Corey Trivino in Staline zone.
14:16 of 1st period - Wrist shot by Milan Bartovic.
14:16 of 1st period - Stopped by Allen York with a rebound.
14:36 of 1st period - Marc-André Gragnani is hit by Lars Eller and loses puck.
14:47 of 1st period - Snap shot by Nick Spaling.
14:47 of 1st period - Shot Blocked by Mark Fayne.
14:49 of 1st period - Snap shot by Nick Spaling.
14:49 of 1st period - Stopped by Philipp Grubauer without a rebound.
14:50 of 1st period - Cedric Paquette wins face-off versus David Desharnais in Rafales zone.
15:04 of 1st period - Wrist shot by Danny Kristo.
15:04 of 1st period - Shot Misses the Net.
15:16 of 1st period - Connor Murphy is hit by Jordan Caron and loses puck.
15:59 of 1st period - Slapshot by Mark Fayne.
15:59 of 1st period - Stopped by Allen York with a rebound.
16:29 of 1st period - Minor Penalty to Milan Bartovic for Hooking.
16:30 of 1st period - Cedric Paquette wins face-off versus Lars Eller in Rafales zone.
17:16 of 1st period - Marc-André Gragnani is hit by Nick Spaling and loses puck.
18:29 of 1st period - Penalty to Milan Bartovic is over, Milan Bartovic is back on ice.
18:43 of 1st period - Backhand shot by Corey Trivino.
18:43 of 1st period - Shot Hit the Post.
18:45 of 1st period - Wrist shot by Corey Trivino.
18:45 of 1st period - Stopped by Philipp Grubauer without a rebound.
18:46 of 1st period - Marek Zagrapan wins face-off versus Kevin Veilleux in Rafales zone.
19:19 of 1st period - Minor Penalty to Andrey Pedan for Slashing.
19:20 of 1st period - Cedric Paquette wins face-off versus Nick Spaling in Staline zone.
19:43 of 1st period - Icing by Mark Fayne.
19:44 of 1st period - Cedric Paquette wins face-off versus Nick Spaling in Rafales zone.
Goals for this period are 0 for Rafales vs 0 for Staline.
Shots for this period are 9 for Rafales vs 16 for Staline.
2nd period
0:01 of 2nd period - Nick Spaling wins face-off versus Cedric Paquette in neutral zone.
1:19 of 2nd period - Penalty to Andrey Pedan is over, Andrey Pedan is back on ice.
2:08 of 2nd period - Snap shot by Nick Spaling.
2:08 of 2nd period - Shot Blocked by Jarret Stoll.
2:42 of 2nd period - Snap shot by Corey Trivino.
2:42 of 2nd period - Stopped by Philipp Grubauer without a rebound.
2:43 of 2nd period - Lars Eller wins face-off versus Nathan Davis in Rafales zone.
3:05 of 2nd period - Icing by David Desharnais.
3:06 of 2nd period - Cedric Paquette wins face-off versus Corey Trivino in Staline zone.
3:09 of 2nd period - Snap shot by Cody McLeod.
3:09 of 2nd period - Stopped by Allen York without a rebound.
3:10 of 2nd period - Corey Trivino wins face-off versus Cedric Paquette in Staline zone.
3:25 of 2nd period - Wrist shot by James Sheppard.
3:25 of 2nd period - Shot Misses the Net.
3:37 of 2nd period - Milan Bartovic is hit by Stu Bickel and loses puck.
3:52 of 2nd period - Slapshot by Cody McLeod.
3:52 of 2nd period - Shot Blocked by Stu Bickel.
3:54 of 2nd period - Minor Penalty to Jordan Szwarz for Holding.
3:55 of 2nd period - Nick Spaling wins face-off versus Nathan Davis in Staline zone.
5:46 of 2nd period - Snap shot by Jarret Stoll.
5:46 of 2nd period - Shot Misses the Net.
5:48 of 2nd period - Snap shot by Carl Klingberg.
5:48 of 2nd period - Goal by Carl Klingberg - Rafales : 1 - Staline : 0.
5:49 of 2nd period - Nathan Davis wins face-off versus Lars Eller in neutral zone.
6:12 of 2nd period - Icing by Nathan Davis.
6:13 of 2nd period - Jarret Stoll wins face-off versus David Desharnais in Rafales zone.
6:23 of 2nd period - Icing by Danny Kristo.
6:24 of 2nd period - David Desharnais wins face-off versus Cedric Paquette in Staline zone.
6:24 of 2nd period - David Desharnais is hit by Mark Fayne.
6:34 of 2nd period - Snap shot by Cody McLeod.
6:34 of 2nd period - Shot Misses the Net.
6:36 of 2nd period - Wrist shot by Cody McLeod.
6:36 of 2nd period - Stopped by Allen York with a rebound.
7:00 of 2nd period - Wrist shot by Michael Bournival.
7:00 of 2nd period - Shot Misses the Net.
7:14 of 2nd period - Slapshot by Corey Trivino.
7:14 of 2nd period - Shot Blocked by Marc-André Gragnani.
7:34 of 2nd period - Nathan Davis is hit by Bryan Bickell and loses puck.
8:11 of 2nd period - Snap shot by Michael Bournival.
8:11 of 2nd period - Shot Blocked by Brock Nelson.
8:13 of 2nd period - Wrist shot by Tim Crowder.
8:13 of 2nd period - Stopped by Allen York with a rebound.
8:15 of 2nd period - Wrist shot by Michael Bournival.
8:15 of 2nd period - Stopped by Allen York without a rebound.
8:16 of 2nd period - Lars Eller wins face-off versus Jarret Stoll in Staline zone.
8:18 of 2nd period - Icing by Nick Spaling.
8:19 of 2nd period - Lars Eller wins face-off versus Jarret Stoll in Staline zone.
8:19 of 2nd period - Lars Eller is hit by Jarret Stoll.
8:29 of 2nd period - Snap shot by Nick Spaling.
8:29 of 2nd period - Goal by Nick Spaling - Rafales : 1 - Staline : 1.
8:30 of 2nd period - Lars Eller wins face-off versus Cedric Paquette in neutral zone.
9:01 of 2nd period - Wrist shot by David Desharnais.
9:01 of 2nd period - Deflect By Brock Nelson.
9:01 of 2nd period - Shot Misses the Net.
9:01 of 2nd period - Puck is out of play.
9:02 of 2nd period - Brock Nelson wins face-off versus Jarret Stoll in Rafales zone.
9:23 of 2nd period - Minor Penalty to Viktor Loov for Interference.
9:24 of 2nd period - Nick Spaling wins face-off versus Cedric Paquette in Staline zone.
9:24 of 2nd period - Nick Spaling is hit by Marc-André Gragnani.
9:34 of 2nd period - Dustin Kohn is hit by Milan Bartovic and loses puck.
9:54 of 2nd period - Icing by Nathan Davis.
9:55 of 2nd period - Nick Spaling wins face-off versus Michael Bournival in Rafales zone.
9:56 of 2nd period - Wrist shot by Brock Nelson.
9:56 of 2nd period - Shot Blocked by Mark Fayne.
10:26 of 2nd period - Wrist shot by Milan Bartovic.
10:26 of 2nd period - Stopped by Allen York with a rebound.
10:28 of 2nd period - Wrist shot by Milan Bartovic.
10:28 of 2nd period - Stopped by Allen York with a rebound.
10:30 of 2nd period - Slapshot by Milan Bartovic.
10:30 of 2nd period - Stopped by Allen York with a rebound.
11:20 of 2nd period - Dustin Kohn is hit by Mark Fayne and loses puck.
11:23 of 2nd period - Penalty to Viktor Loov is over, Viktor Loov is back on ice.
11:31 of 2nd period - Slater Koekkoek is hit by Jordan Szwarz and loses puck.
11:38 of 2nd period - Slapshot by Dustin Kohn.
11:38 of 2nd period - Stopped by Philipp Grubauer without a rebound.
11:39 of 2nd period - Kevin Veilleux wins face-off versus Corey Trivino in Rafales zone.
11:43 of 2nd period - Off-side.
11:44 of 2nd period - Kevin Veilleux wins face-off versus Corey Trivino in neutral zone.
12:47 of 2nd period - Slapshot by Milan Bartovic.
12:47 of 2nd period - Stopped by Allen York with a rebound.
13:28 of 2nd period - Snap shot by Marc-André Gragnani.
13:28 of 2nd period - Deflect By James Sheppard.
13:28 of 2nd period - Stopped by Allen York with a rebound.
13:30 of 2nd period - Slapshot by Marc-André Gragnani.
13:30 of 2nd period - Stopped by Allen York with a rebound.
13:44 of 2nd period - Snap shot by Nick Spaling.
13:44 of 2nd period - Shot Misses the Net.
13:46 of 2nd period - Snap shot by Stu Bickel.
13:46 of 2nd period - Deflect By Marc-André Gragnani.
13:46 of 2nd period - Stopped by Philipp Grubauer without a rebound.
13:47 of 2nd period - Jarret Stoll wins face-off versus Lars Eller in Rafales zone.
13:57 of 2nd period - Minor Penalty to Lars Eller for Hooking.
13:58 of 2nd period - Nick Spaling wins face-off versus Cedric Paquette in Staline zone.
14:46 of 2nd period - Stu Bickel is hit by Nathan Davis and loses puck.
15:01 of 2nd period - Slapshot by Tim Crowder.
15:01 of 2nd period - Shot Misses the Net.
15:13 of 2nd period - Snap shot by Nathan Davis.
15:13 of 2nd period - Stopped by Allen York without a rebound.
15:14 of 2nd period - Cedric Paquette wins face-off versus Peter Holland in Staline zone.
15:21 of 2nd period - Wrist shot by Milan Bartovic.
15:21 of 2nd period - Shot Blocked by Philip Larsen.
15:23 of 2nd period - Snap shot by Milan Bartovic.
15:23 of 2nd period - Shot Misses the Net.
15:29 of 2nd period - Snap shot by Milan Bartovic.
15:29 of 2nd period - Stopped by Allen York without a rebound.
15:30 of 2nd period - Brock Nelson wins face-off versus Cedric Paquette in Staline zone.
15:30 of 2nd period - Brock Nelson is hit by Milan Bartovic.
15:57 of 2nd period - Penalty to Lars Eller is over, Lars Eller is back on ice.
15:58 of 2nd period - Wrist shot by David Desharnais.
15:58 of 2nd period - Stopped by Philipp Grubauer without a rebound.
15:59 of 2nd period - Jordan Caron wins face-off versus Cedric Paquette in Rafales zone.
16:28 of 2nd period - Wrist shot by Tim Crowder.
16:28 of 2nd period - Stopped by Allen York with a rebound.
16:30 of 2nd period - Slapshot by Marc-André Gragnani.
16:30 of 2nd period - Stopped by Allen York with a rebound.
16:32 of 2nd period - Wrist shot by Tim Crowder.
16:32 of 2nd period - Deflect By Jarret Stoll.
16:32 of 2nd period - Shot Misses the Net.
16:32 of 2nd period - Puck is out of play.
16:33 of 2nd period - Lars Eller wins face-off versus Cedric Paquette in Staline zone.
16:33 of 2nd period - Lars Eller is hit by Cedric Paquette.
17:07 of 2nd period - Slapshot by Jordan Szwarz.
17:07 of 2nd period - Stopped by Philipp Grubauer without a rebound.
17:08 of 2nd period - Lars Eller wins face-off versus Cedric Paquette in Rafales zone.
17:16 of 2nd period - Icing by Lars Eller.
17:17 of 2nd period - Lars Eller wins face-off versus Cedric Paquette in Staline zone.
17:34 of 2nd period - Nick Spaling is hit by Marc-André Gragnani and loses puck.
17:51 of 2nd period - Snap shot by Milan Bartovic.
17:51 of 2nd period - Shot Misses the Net.
18:13 of 2nd period - Snap shot by Milan Bartovic.
18:13 of 2nd period - Shot Misses the Net.
18:19 of 2nd period - Slapshot by Cody McLeod.
18:19 of 2nd period - Stopped by Allen York without a rebound.
18:20 of 2nd period - David Desharnais wins face-off versus Jarret Stoll in Staline zone.
18:26 of 2nd period - Icing by Connor Murphy.
18:27 of 2nd period - Jarret Stoll wins face-off versus David Desharnais in Rafales zone.
18:52 of 2nd period - Snap shot by Marek Zagrapan.
18:52 of 2nd period - Shot Blocked by Michael Bournival.
19:00 of 2nd period - Snap shot by Bryan Bickell.
19:00 of 2nd period - Shot Misses the Net.
19:26 of 2nd period - Slapshot by Viktor Loov.
19:26 of 2nd period - Stopped by Philipp Grubauer with a rebound.
Goals for this period are 1 for Rafales vs 1 for Staline.
Shots for this period are 16 for Rafales vs 7 for Staline.
3rd period
0:01 of 3rd period - Cedric Paquette wins face-off versus Lars Eller in neutral zone.
0:05 of 3rd period - Off-side.
0:06 of 3rd period - Lars Eller wins face-off versus Cedric Paquette in neutral zone.
0:35 of 3rd period - Snap shot by Jordan Szwarz.
0:35 of 3rd period - Shot Blocked by Milan Bartovic.
0:39 of 3rd period - Wrist shot by James Sheppard.
0:39 of 3rd period - Shot Misses the Net.
1:00 of 3rd period - Off-side.
1:01 of 3rd period - Jarret Stoll wins face-off versus Lars Eller in neutral zone.
1:14 of 3rd period - Snap shot by Lars Eller.
1:14 of 3rd period - Shot Misses the Net.
1:23 of 3rd period - Icing by Jordan Caron.
1:24 of 3rd period - Nathan Davis wins face-off versus Lars Eller in Staline zone.
1:25 of 3rd period - Snap shot by Brian Ferlin.
1:25 of 3rd period - Shot Misses the Net.
1:27 of 3rd period - Slapshot by Julian Melchiori.
1:27 of 3rd period - Stopped by Allen York with a rebound.
1:29 of 3rd period - Slapshot by Julian Melchiori.
1:29 of 3rd period - Stopped by Allen York with a rebound.
1:31 of 3rd period - Wrist shot by Julian Melchiori.
1:31 of 3rd period - Stopped by Allen York with a rebound.
1:38 of 3rd period - Slapshot by Julian Melchiori.
1:38 of 3rd period - Stopped by Allen York without a rebound.
1:39 of 3rd period - David Desharnais wins face-off versus Cedric Paquette in Staline zone.
2:04 of 3rd period - Michael Bournival is hit by Jordan Caron and loses puck.
2:05 of 3rd period - Michael Bournival from Rafales is injured at 2:05 of 3rd period (Right Forearm).
2:06 of 3rd period - Cedric Paquette wins face-off versus Lars Eller in Rafales zone.
2:21 of 3rd period - Snap shot by Milan Bartovic.
2:21 of 3rd period - Shot Misses the Net.
2:33 of 3rd period - Marc-André Gragnani is hit by Danny Kristo and loses puck.
2:52 of 3rd period - Slapshot by Corey Trivino.
2:52 of 3rd period - Shot Misses the Net.
2:54 of 3rd period - Snap shot by James Sheppard.
2:54 of 3rd period - Deflect By Jordan Szwarz.
2:54 of 3rd period - Shot Blocked by Dylan McIlrath.
2:54 of 3rd period - Puck is out of play.
2:55 of 3rd period - Lars Eller wins face-off versus Cody McLeod in Rafales zone.
3:02 of 3rd period - Backhand shot by Nick Spaling.
3:02 of 3rd period - Shot Blocked by Jarret Stoll.
3:54 of 3rd period - Mark Fayne is hit by James Sheppard and loses puck.
4:09 of 3rd period - Snap shot by Lars Eller.
4:09 of 3rd period - Shot Misses the Net.
4:26 of 3rd period - Backhand shot by Marc-André Gragnani.
4:26 of 3rd period - Shot Misses the Net.
4:46 of 3rd period - Cedric Paquette is hit by David Desharnais.
5:02 of 3rd period - Dustin Kohn is hit by Chris Terry and loses puck.
5:11 of 3rd period - Wrist shot by Chris Terry.
5:11 of 3rd period - Shot Misses the Net.
5:13 of 3rd period - Snap shot by James Marcou.
5:13 of 3rd period - Goal by James Marcou - Rafales : 2 - Staline : 1.
5:14 of 3rd period - Lars Eller wins face-off versus Jarret Stoll in neutral zone.
5:17 of 3rd period - Slapshot by Dustin Kohn.
5:17 of 3rd period - Stopped by Philipp Grubauer without a rebound.
5:18 of 3rd period - Lars Eller wins face-off versus Jarret Stoll in Rafales zone.
5:21 of 3rd period - Snap shot by Nick Spaling.
5:21 of 3rd period - Shot Blocked by Mark Fayne.
5:27 of 3rd period - Snap shot by Cody McLeod.
5:27 of 3rd period - Stopped by Allen York with a rebound.
5:29 of 3rd period - Slapshot by Tim Crowder.
5:29 of 3rd period - Deflect By Lars Eller.
5:29 of 3rd period - Shot Blocked by Stu Bickel.
5:29 of 3rd period - Puck is out of play.
5:30 of 3rd period - Cody McLeod wins face-off versus Jordan Caron in Staline zone.
5:59 of 3rd period - Off-side.
6:00 of 3rd period - David Desharnais wins face-off versus Jarret Stoll in neutral zone.
6:11 of 3rd period - Snap shot by Cody McLeod.
6:11 of 3rd period - Stopped by Allen York without a rebound.
6:12 of 3rd period - Lars Eller wins face-off versus Jarret Stoll in Staline zone.
6:58 of 3rd period - Backhand shot by James Sheppard.
6:58 of 3rd period - Shot Misses the Net.
7:00 of 3rd period - Wrist shot by Dustin Kohn.
7:00 of 3rd period - Shot Blocked by Dylan McIlrath.
7:02 of 3rd period - Snap shot by Corey Trivino.
7:02 of 3rd period - Shot Misses the Net.
7:04 of 3rd period - Slapshot by James Sheppard.
7:04 of 3rd period - Stopped by Philipp Grubauer without a rebound.
7:05 of 3rd period - Lars Eller wins face-off versus Cedric Paquette in Rafales zone.
7:33 of 3rd period - Slapshot by Mike Reilly.
7:33 of 3rd period - Deflect By David Desharnais.
7:33 of 3rd period - Shot Blocked by Tim Crowder.
7:33 of 3rd period - Puck is out of play.
7:34 of 3rd period - Jarret Stoll wins face-off versus David Desharnais in Rafales zone.
7:41 of 3rd period - Wrist shot by David Desharnais.
7:41 of 3rd period - Deflect By Danny Kristo.
7:41 of 3rd period - Shot Misses the Net.
7:41 of 3rd period - Puck is out of play.
7:42 of 3rd period - Jarret Stoll wins face-off versus Lars Eller in Rafales zone.
7:42 of 3rd period - Jarret Stoll is hit by Lars Eller.
8:32 of 3rd period - Snap shot by Corey Trivino.
8:32 of 3rd period - Deflect By Julian Melchiori.
8:32 of 3rd period - Shot Misses the Net.
8:32 of 3rd period - Puck is out of play.
8:33 of 3rd period - Cedric Paquette wins face-off versus Lars Eller in Rafales zone.
8:33 of 3rd period - Cedric Paquette is hit by Dustin Kohn.
8:43 of 3rd period - Lars Eller is hit by Cedric Paquette and loses puck.
9:11 of 3rd period - Slapshot by Nathan Davis.
9:11 of 3rd period - Stopped by Allen York with a rebound.
9:17 of 3rd period - Minor Penalty to Andrey Pedan for High sticking.
9:18 of 3rd period - Nick Spaling wins face-off versus Cedric Paquette in Staline zone.
9:18 of 3rd period - Nick Spaling is hit by Cody McLeod.
9:59 of 3rd period - Connor Murphy is hit by Lars Eller and loses puck.
10:26 of 3rd period - Milan Bartovic is hit by Viktor Loov and loses puck.
11:17 of 3rd period - Penalty to Andrey Pedan is over, Andrey Pedan is back on ice.
11:24 of 3rd period - Slapshot by Dustin Kohn.
11:24 of 3rd period - Shot Misses the Net.
11:26 of 3rd period - Wrist shot by Jordan Szwarz.
11:26 of 3rd period - Stopped by Philipp Grubauer without a rebound.
11:27 of 3rd period - Kevin Veilleux wins face-off versus Corey Trivino in Rafales zone.
11:52 of 3rd period - Slater Koekkoek is hit by Barclay Goodrow and loses puck.
13:26 of 3rd period - Wrist shot by Kevin Veilleux.
13:26 of 3rd period - Stopped by Allen York with a rebound.
13:47 of 3rd period - Wrist shot by Brock Nelson.
13:47 of 3rd period - Stopped by Philipp Grubauer with a rebound.
14:13 of 3rd period - Wrist shot by Lars Eller.
14:13 of 3rd period - Shot Misses the Net.
14:19 of 3rd period - Minor Penalty to Kevin Veilleux for Roughing.
14:20 of 3rd period - Lars Eller wins face-off versus Cedric Paquette in Rafales zone.
15:17 of 3rd period - Milan Bartovic is hit by Brock Nelson and loses puck.
15:28 of 3rd period - Dustin Kohn is hit by Connor Murphy.
15:36 of 3rd period - Connor Murphy is hit by Jordan Caron and loses puck.
16:19 of 3rd period - Penalty to Kevin Veilleux is over, Kevin Veilleux is back on ice.
16:48 of 3rd period - Wrist shot by Chris Terry.
16:48 of 3rd period - Shot Misses the Net.
17:07 of 3rd period - Brock Nelson is hit by Milan Bartovic and loses puck.
18:13 of 3rd period - Milan Bartovic is hit by Stu Bickel and loses puck.
18:18 of 3rd period - Backhand shot by Dustin Kohn.
18:18 of 3rd period - Shot Misses the Net.
18:20 of 3rd period - Slapshot by Stu Bickel.
18:20 of 3rd period - Shot Blocked by Dylan McIlrath.
18:22 of 3rd period - Slapshot by Barclay Goodrow.
18:22 of 3rd period - Stopped by Philipp Grubauer with a rebound.
18:32 of 3rd period - Brian Ferlin is hit by Nick Spaling and loses puck.
18:41 of 3rd period - Wrist shot by Lars Eller.
18:41 of 3rd period - Shot Misses the Net.
18:53 of 3rd period - Snap shot by Cody McLeod.
18:53 of 3rd period - Shot Blocked by Jordan Caron.
18:55 of 3rd period - Slapshot by Dylan McIlrath.
18:55 of 3rd period - Stopped by Allen York without a rebound.
18:56 of 3rd period - Guy Carbonneau call a timeout for Staline.
18:56 of 3rd period - Lars Eller wins face-off versus Cedric Paquette in Staline zone.
18:58 of 3rd period - Minor Penalty to Nick Spaling for Hooking.
18:59 of 3rd period - Charles Hudon wins face-off versus Cedric Paquette in Staline zone.
19:09 of 3rd period - Slapshot by Marc-André Gragnani.
19:09 of 3rd period - Shot Misses the Net.
19:11 of 3rd period - Snap shot by Cody McLeod.
19:11 of 3rd period - Shot Hit the Post.
19:13 of 3rd period - Slapshot by Milan Bartovic.
19:13 of 3rd period - Stopped by Allen York without a rebound.
19:14 of 3rd period - Cedric Paquette wins face-off versus Charles Hudon in Staline zone.
19:15 of 3rd period - Wrist shot by Cody McLeod.
19:15 of 3rd period - Shot Blocked by Dustin Kohn.
19:17 of 3rd period - Slapshot by Cedric Paquette.
19:17 of 3rd period - Goal by Cedric Paquette - Rafales : 3 - Staline : 1.
19:18 of 3rd period - Nathan Davis wins face-off versus James Sheppard in neutral zone.
19:20 of 3rd period - Mark Fayne is hit by James Sheppard and loses puck.
19:29 of 3rd period - Wrist shot by Carl Klingberg.
19:29 of 3rd period - Stopped by Allen York without a rebound.
19:30 of 3rd period - Corey Trivino wins face-off versus Nathan Davis in Staline zone.
Goals for this period are 2 for Rafales vs 0 for Staline.
Shots for this period are 13 for Rafales vs 5 for Staline.
Back to the Top